 Dungeon Crawl Stone Soup version 0.25-a0-734-g73332aeda9 (webtiles) character file.

Game seed: 11929654225028859608, levelgen mode: deterministic

2055 MackTheKnife the Cleaver (level 9, -11/64 HPs)
             Began as an Octopode Berserker on Apr 10, 2020.
             Was an Elder of Trog.
             Mangled by a vampire (14 damage)
             ... on level 7 of the Dungeon.
             The game lasted 00:06:27 (5009 turns).

MackTheKnife the Cleaver (Octopode Berserker)       Turns: 5009, Time: 00:06:28

Health: -11/64     AC:  1    Str: 20    XL:     9   Next: 25%
Magic:  9/9        EV: 11    Int:  9    God:    Trog [****..]
Gold:   273        SH:  8    Dex: 11    Spells: 8/8 levels left

rFire    . . .     SeeInvis .   m - +0 war axe
rCold    . . .     Gourm    .   q - +0 kite shield
rNeg     . . .     Faith    .   (helmet restricted)
rPois    .         Spirit   .   a - amulet of the acrobat
rElec    .         Reflect  .   (no ring)
rCorr    .         Harm     .   (no ring)
MR       .....                  (no ring)
Stlth    ++........             (no ring)
HPRegen  0.20/turn              (no ring)
MPRegen  0.11/turn              (no ring)
                                (no ring)
                                (no ring)

@: invisible
A: almost no armour, stealthy swim, amphibious, 8 rings, constrict 8, camouflage
1, gelatinous body 1
a: Berserk, Trog's Hand, Brothers in Arms, Renounce Religion


You were on level 7 of the Dungeon.
You worshipped Trog.
Trog was greatly pleased with you.
You were not hungry.

You visited 1 branch of the dungeon, and saw 7 of its levels.

You collected 273 gold pieces.

Inventory:

Hand Weapons
 m - a +0 war axe (weapon)
   (You found it on level 4 of the Dungeon)
 r - a +1 spear of flaming
   (You took it off a gnoll on level 7 of the Dungeon)
Missiles
 l - a throwing net {=f, !d}
Armour
 q - a +0 kite shield (worn)
   (You found it on level 6 of the Dungeon)
Jewellery
 a - an amulet of the acrobat (around mantle)
   (You found it on level 4 of the Dungeon)
Wands
 j - a wand of paralysis (11)
   (You found it on level 3 of the Dungeon)
Scrolls
 c - a scroll of random uselessness {unknown}
 d - a scroll of immolation {!r}
 e - a scroll of remove curse {unknown}
 f - 2 scrolls of teleportation
 g - a scroll of fear {unknown}
 i - 2 scrolls of noise {unknown}
 n - a scroll of enchant armour {unknown}
Potions
 h - a potion of ambrosia
 k - 2 potions of invisibility
 o - a potion of degeneration {unknown}
Comestibles
 b - 9 rations


   Skills:
 - Level 7.5 Fighting
 - Level 9.8 Axes
 - Level 3.0 Dodging
 + Level 2.2 Shields


You had 8 spell levels left.
You didn't know any spells.
Your spell library was empty.

Dungeon Overview and Level Annotations

Branches:
Dungeon (7/15)             Temple (0/1) D:5

Altars:
Ru
Uskayaw
Vehumet


Innate Abilities, Weirdness & Mutations

You cannot wear most types of armour.
You are very stealthy in the water. (Stealth+)
You are amphibious.
You can wear up to eight rings at the same time.
You can use your tentacles to constrict eight enemies at once.
Your skin changes colour to match your surroundings (Stealth+).
Your rubbery body absorbs attacks. (AC +1, EV +1)


Message History

The gnoll hits you with a +1 spear of flaming.
The gnoll burns you.
You take 7 damage, and have 48/64 hp.
You slash the gnoll!
You kill the gnoll!
Trog accepts your kill.
No target in view!
No target in view!
No target in view!
r - a +1 spear of flaming You see here a gnoll corpse.
A crimson imp comes into view.
The crimson imp shouts!
You regained 2 hp, and now have 51/64 hp.
A crimson imp is nearby!
A crimson imp is nearby!
A crimson imp is nearby!
A crimson imp is nearby!
You block the crimson imp's attack.
You miss the crimson imp. You grab the crimson imp.
You constrict the crimson imp.
The crimson imp lashes its tail.
You block the crimson imp's attack.
A crimson imp is nearby!
You barely miss the crimson imp. You squeeze the crimson imp!
You kill the crimson imp!
Trog accepts your kill.
A shadow imp comes into view.
Found 21 stones.
Found a stone staircase leading down.
A shadow imp is nearby!
The shadow imp shouts, "Slither home, thou mammering fob-snatching flax-wench!"
The shadow imp misses you.
You slash the shadow imp!
You kill the shadow imp!
Trog accepts your kill.
Your Shields skill increases to level 2!
You see here 4 large rocks {!d}.
A bullfrog skeleton comes into view.
Found a stone staircase leading down.
You regained 7 hp, and now have 60/64 hp.
A bullfrog skeleton is nearby!
You slash the bullfrog skeleton! You grab the bullfrog skeleton.
You constrict the bullfrog skeleton. The bullfrog skeleton hits you.
The bullfrog skeleton completely misses you.
A bullfrog skeleton is nearby!
You hit the bullfrog skeleton. You constrict the bullfrog skeleton.
The bullfrog skeleton hits you.
You take 7 damage, and have 53/64 hp.
You hit the bullfrog skeleton. You constrict the bullfrog skeleton.
You destroy the bullfrog skeleton!
Trog accepts your kill.
You open the door.
There is an open door here.
A leopard gecko comes into view.
A vampire comes into view.
The vampire casts a spell at you. You resist with some effort.
You block the leopard gecko's attack.
You regained 4 hp, and now have 57/64 hp.
You slash the leopard gecko!
You kill the leopard gecko!
Trog accepts your kill.
A vampire is nearby!
You slash the vampire! You grab the vampire.
You constrict the vampire, but do no damage.
The vampire barely misses you. The vampire bites you!
The vampire draws strength from your injuries!
You take 7 damage, and have 50/64 hp.
You hit the vampire. You squeeze the vampire.
You constrict the vampire, but do no damage.
The vampire mumbles some strange words.
The vampire flickers and vanishes!
Deactivating autopickup; reactivate with Ctrl-A.
No target in view!
No target in view!
No target in view!
You release your grip on something.
You hear some strange, mumbled words.
Something tries to affect you, but you resist.
You hear some strange, mumbled words.
You are confused.
You feel better. Something hits you! Something bites you!
Something draws strength from your injuries!
You take 15 damage, and have 37/64 hp.
MASSIVE DAMAGE!!
You miss something. You squeeze something. Something hits you!
Something bites you.
Something draws strength from your injuries!
You take 13 damage, and have 24/64 hp.
MASSIVE DAMAGE!!
You miss something. Something hits you!
* * * LOW HITPOINT WARNING * * *
Something bites you!
* * * LOW HITPOINT WARNING * * *
Something draws strength from your injuries!
Unknown command.
You take 22 damage, and have 2/64 hp.
MASSIVE DAMAGE!!
You fade into invisibility!
Something hits you!
You die...

#..... .########........#
#.....#.#...[...........#
#.#......### #...<.....#
#......#... .##........#
#.....##.###....##.....#
#......†........##.....#
#.....#.##.#....#......#
####..#.##.#....#.††...#
......#@...#....#......#
#..............#......#
#.#............#<.....#
#.#............#......# #
#.##.####....#.......
#.#..#.......####.#..
#$...#.###'########.#
###..#.###.......##.#
..%#.......###.##.#


There were no monsters in sight!

Vanquished Creatures
  Sigmund (D:4)
  A phantom (D:5)
  A sky beast (D:6)
  3 ogres
  2 bullfrogs (D:6)
  A wyvern zombie (D:6)
  2 scorpions (D:4)
  5 wights (D:2)
  A howler monkey (D:6)
  A crimson imp (D:7)
  3 hounds
  A quasit (D:5)
  2 orc priests
  4 bullfrog skeletons
  A centaur skeleton (D:6)
  5 orc wizards
  Jessica (D:2)
  5 worker ants
  A killer bee zombie (D:5)
  2 hound skeletons (D:4)
  3 gnolls (D:7)
  10 adders
  A shadow imp (D:7)
  4 oozes
  2 adder skeletons (D:6)
  A worm (D:2)
  5 leopard geckos
  23 orcs
  8 goblins
  7 hobgoblins
  2 jackals (D:1)
  4 quokkas
  8 bats
  A frilled lizard (D:1)
  3 kobolds
  5 rats
130 creatures vanquished.

Notes
Turn   | Place    | Note
-------+----------+-------------------------------------------
     0 | D:1      | MackTheKnife the Octopode Berserker began the quest for the
                  | Orb.
     0 | D:1      | Reached XP level 1. HP: 16/16 MP: 1/1
    85 | D:1      | Reached XP level 2. HP: 20/21 MP: 2/2
   357 | D:1      | Reached skill level 4 in Axes
   369 | D:1      | HP: 4/21 [goblin/+0 club (6)]
   912 | D:2      | Reached XP level 3. HP: 26/26 MP: 3/3
  1270 | D:2      | Noticed Jessica
  1278 | D:2      | Killed Jessica
  1278 | D:2      | Reached ** piety under Trog
  1278 | D:2      | Reached XP level 4. HP: 31/31 MP: 4/4
  1279 | D:2      | Reached skill level 5 in Axes
  1346 | D:2      | You fall into a shaft and drop 2 floors!
  1471 | D:2      | Reached XP level 5. HP: 36/36 MP: 5/5
  1475 | D:2      | Reached skill level 6 in Axes
  1480 | D:2      | Reached XP level 6. HP: 37/42 MP: 6/6
  1762 | D:3      | Reached skill level 7 in Axes
  2557 | D:4      | Reached XP level 7. HP: 47/47 MP: 7/7
  2558 | D:4      | Reached skill level 4 in Fighting
  2616 | D:4      | Noticed Sigmund
  2716 | D:4      | Killed Sigmund
  2955 | D:4      | Reached skill level 8 in Axes
  2998 | D:5      | Entered Level 5 of the Dungeon
  3010 | D:5      | Reached skill level 5 in Fighting
  3095 | D:5      | Reached XP level 8. HP: 43/55 MP: 8/8
  3130 | D:5      | Found a hide-covered altar of Uskayaw.
  3134 | D:5      | Found a radiant altar of Vehumet.
  3137 | D:5      | Found a sacrificial altar of Ru.
  3402 | D:5      | Found a staircase to the Ecumenical Temple.
  3404 | D:5      | Reached *** piety under Trog
  3624 | D:5      | Reached skill level 6 in Fighting
  3726 | D:6      | Reached skill level 9 in Axes
  4318 | D:6      | Reached skill level 7 in Fighting
  4349 | D:6      | Reached XP level 9. HP: 63/64 MP: 9/9
  4565 | D:6      | Reached **** piety under Trog
  4565 | D:6      | Reached skill level 1 in Shields
  4935 | D:7      | Reached skill level 2 in Shields
  5008 | D:7      | HP: 13/64 [something (11)]
  5008 | D:7      | HP: 2/64 [something (11)]
  5009 | D:7      | Mangled by a vampire

Levels and vault maps discovered:
D:1:      dpeg_arrival_another_circle, layout_loops_ring, hangedman_decor_points
D:2:      layout_loops_ring, uniq_jessica
D:3:      layout_rooms
D:4:      layout_loops_ring, first_ration, uniq_sigmund
D:5:      layout_rooms, minitemple, minmay_temple_entry_nine_rooms,
          roderic_serpentine_path
D:6:      layout_basic
D:7:      layout_basic

Skill      XL: |  1  2  3  4  5  6  7  8  9 |
---------------+----------------------------+-----
Axes           | 4 5 6 7 8 9 |  9.8
Fighting       | 5 7 |  7.5
Shields        | 2 |  2.2
Dodging        | |  3.0

Action                   |  1- 3 |  4- 6 |  7- 9 || total
-------------------------+-------+-------+-------++-------
Melee: Hand axe          |    68 |    53 |       ||   121
       Tentacles         |    11 |    13 |    35 ||    59
       Constrict         |    15 |    17 |    37 ||    69
       War axe           |       |    14 |   155 ||   169
Invok: Berserk           |     2 |     2 |     5 ||     9
       Trog's Hand       |       |     1 |     3 ||     4
  Use: Scroll            |       |       |     6 ||     6
       Potion            |       |       |     2 ||     2
 Stab: Sleeping          |     4 |     6 |     4 ||    14
       Distracted        |       |       |     2 ||     2
  Eat: Chunk             |     2 |     2 |    10 ||    14
       Ration            |       |     1 |     2 ||     3
Armor: Skin              |    11 |     2 |     3 ||    16
Dodge: Dodged            |    48 |    42 |   104 ||   194
Block: Kite shield       |       |       |     5 ||     5

Table legend:
 A = Non-vault XP
 B = Vault XP
 C = Vault XP percentage of total XP
 D = Non-vault monster count
 E = Vault monster count
 F = Vault count percentage of total count
                 A         B        C        D         E       F
            +---------+---------+-------+---------+---------+-------
      Total |    2668 |     268 |   9.1 |     128 |       2 |   1.5
            +---------+---------+-------+---------+---------+-------
        D:1 |      33 |       0 |   0.0 |      17 |       0 |   0.0
        D:2 |     343 |      37 |   9.7 |      25 |       1 |   3.8
        D:3 |      51 |       0 |   0.0 |       9 |       0 |   0.0
        D:4 |     371 |     231 |  38.4 |      20 |       1 |   4.8
        D:5 |     687 |       0 |   0.0 |      23 |       0 |   0.0
        D:6 |    1035 |       0 |   0.0 |      27 |       0 |   0.0
        D:7 |     148 |       0 |   0.0 |       7 |       0 |   0.0
            +---------+---------+-------+---------+---------+-------

Levels and vault maps discovered:
D:1:      dpeg_arrival_another_circle, layout_loops_ring, hangedman_decor_points
D:2:      layout_loops_ring, uniq_jessica
D:3:      layout_rooms
D:4:      layout_loops_ring, first_ration, uniq_sigmund
D:5:      layout_rooms, minitemple, minmay_temple_entry_nine_rooms,
          roderic_serpentine_path
D:6:      layout_basic
D:7:      layout_basic

Table legend:
 A = Turns spent in this place as a percentage of turns spent in the entire game.
 B = Non-inter-level travel turns spent in this place as a percentage of non-inter-level travel turns spent in the entire game.
 C = Inter-level travel turns spent in this place as a percentage of turns spent in this place.
 D = Turns resting spent in this place as a percentage of non-inter-level travel turns spent in this place.
 E = Turns spent auto-exploring this place as a percentage of non-inter-level travel turns spent in this place.
 F = Non-inter-level travel turns spent in this place divided by the number of levels of this place that you've seen.
                   A       B       C       D       E      F
               +-------+-------+-------+-------+-------+----------------------
         Total | 100.0 | 100.0 |   1.7 |  26.8 |  56.0 | 703.6
       Dungeon | 100.0 | 100.0 |   1.7 |  26.8 |  56.0 | 703.6
               +-------+-------+-------+-------+-------+----------------------

Table legend:
 A = Kills in this place as a percentage of kills in entire the game.
 B = Kills by you in this place as a percentage of kills by you in the entire game.
 C = Kills by friends in this place as a percentage of kills by friends in the entire game.
 D = Other kills in this place as a percentage of other kills in the entire game.
 E = Experience gained in this place as a percentage of experience gained in the entire game.
 F = Experience gained in this place divided by the number of levels of this place that you have seen.
                   A       B       C       D       E      F
               +-------+-------+-------+-------+-------+----------------------
         Total | 100.0 | 100.0 |   N/A |   N/A | 100.0 | 419.4
       Dungeon | 100.0 | 100.0 |   N/A |   N/A | 100.0 | 419.4
               +-------+-------+-------+-------+-------+----------------------
